 Dungeon Crawl Stone Soup version 0.23.0 (webtiles) character file.

Game seed: 17391106977157327252

16 MalarOregon the Sneak (level 2, 0/23 HPs)
             Began as a Merfolk Assassin on Feb 13, 2019.
             Slain by a giant cockroach (2 damage)
             ... on level 1 of the Dungeon.
             The game lasted 00:01:27 (424 turns).

MalarOregon the Sneak (Merfolk Assassin)             Turns: 424, Time: 00:01:28

Health: 0/23       AC:  3    Str: 11    XL:     2   Next: 54%
Magic:  2/2        EV: 14    Int: 10    God:
Gold:   63         SH:  0    Dex: 15    Spells: 1/1 levels left

rFire    . . .     SeeInvis .   a - +2 dagger
rCold    . . .     Gourm    .   (no shield)
rNeg     . . .     Faith    .   c - +0 robe
rPois    .         Spirit   .   (no helmet)
rElec    .         Reflect  .   d - +0 cloak
rCorr    .         Harm     .   (no gloves)
MR       .....     Rnd*Rage +   (no boots)
Stlth    +++.......             (no amulet)
HPRegen  0.07/turn              (no ring)
MPRegen  0.08/turn              (no ring)

@: no status effects
A: change form in water, swift swim, stealthy swim, repulsion field 1, berserk 1
a: no special abilities


You were on level 1 of the Dungeon.
You were not hungry.

You visited 1 branch of the dungeon, and saw 1 of its levels.

You collected 63 gold pieces.

Inventory:

Hand Weapons
 a - a +2 dagger (weapon)
 b - a +0 blowgun
Missiles
 f - 2 curare-tipped needles {!f}
 g - 8 poisoned needles
 i - 19 stones (quivered)
Armour
 c - a +0 robe (worn)
 d - a +0 cloak (worn)
Scrolls
 j - 2 scrolls of fog {unknown}
Comestibles
 e - 2 rations {!d}
 h - a chunk of flesh


   Skills:
 + Level 2.4 Fighting
 + Level 2.7 Short Blades
 + Level 2.2 Throwing
 + Level 1.9 Dodging
 + Level 4.5 Stealth


You had one spell level left.
You didn't know any spells.
Your spell library was empty.

Dungeon Overview and Level Annotations

Branches:
Dungeon (1/15)

Altars:


Innate Abilities, Weirdness & Mutations

You revert to your normal form in water You are very nimble and swift while swimming.
You are very stealthy in the water. (Stealth+)
You are surrounded by a mild repulsion field. (EV +2)
You tend to lose your temper in combat.


Message History

A giant cockroach comes into view.
The kobold throws a stone.
The stone misses you.
A dart slug comes into view.
The kobold barely misses you.
You barely miss the kobold. The kobold hits you but does no damage.
You closely miss the kobold. The kobold hits you but does no damage.
The dart slug misses you.
You barely miss the kobold.
The kobold hits you with a +0 short sword.
The dart slug launches a dart at you. The slug dart hits you.
The kobold hits you with a +0 short sword.
The kobold throws a stone.
The stone hits you but does no damage.
You see here a stone.
You hit the kobold. You hit the kobold but do no damage.
The kobold hits you with a +0 short sword.
You hit the kobold.
The kobold hits you with a +0 short sword!
* * * LOW HITPOINT WARNING * * *
You hit the kobold.
You kill the kobold!
You completely miss the dart slug. The dart slug bites you.
* * * LOW HITPOINT WARNING * * *
You hit the dart slug but do no damage.
It was a potion of mutation.
You feel extremely strange.
You feel a little pissed off.
You begin to radiate repulsive energy.
The dart slug bites you.
* * * LOW HITPOINT WARNING * * *
You barely miss the dart slug.
The dart slug bites you but does no damage.
You hit the dart slug. You hit the dart slug.
The dart slug bites you but does no damage.
You hit the dart slug. You hit the dart slug.
You kill the dart slug!
You hit the giant cockroach.
The giant cockroach bites you but does no damage.
You closely miss the giant cockroach. The giant cockroach closely misses you.
You barely miss the giant cockroach.
The giant cockroach completely misses you.
You hit the giant cockroach but do no damage.
The giant cockroach waves its antennae.
The giant cockroach misses you.
You closely miss the giant cockroach. The giant cockroach misses you.
You hit the giant cockroach. The giant cockroach barely misses you.
You hit the giant cockroach but do no damage.
The giant cockroach bites you.
You die...

.# #.....# ..
#.....# ..# #...###
... ## #..## .##.
...## #..#### .# #
#.... ##(....# .#
....# ##(.###.#
#..###..## #.##
#.@s....###..#
####..#..###.##
#..###.###>.#####
#K## #...........
#...s..#####........
#......# #.รท......
#......# #........
..).....# #..[.....
..#......# #........


You could see a giant cockroach.

Vanquished Creatures
  A dart slug (D:1)
  2 bats (D:1)
  4 goblins (D:1)
  A frilled lizard (D:1)
  4 kobolds (D:1)
  A rat (D:1)
13 creatures vanquished.

Notes
Turn   | Place    | Note
-------+----------+-------------------------------------------
     0 | D:1      | MalarOregon the Merfolk Assassin began the quest for the
                  | Orb.
     0 | D:1      | Reached XP level 1. HP: 16/16 MP: 1/1
   131 | D:1      | Reached XP level 2. HP: 16/23 MP: 2/2
   412 | D:1      | Gained mutation: You tend to lose your temper in combat.
                  | [potion of mutation]
   412 | D:1      | Gained mutation: You are surrounded by a mild repulsion
                  | field. (EV +2) [potion of mutation]
   424 | D:1      | Slain by a giant cockroach

Action                   || total
-------------------------++-------
Melee: Dagger            ||    58
  Use: Potion            ||     1
 Stab: Sleeping          ||     1
Armor: Robe              ||    13
Dodge: Dodged            ||    27
